 Dungeon Crawl Stone Soup version 0.19-a0-1882-gbb73ea0 (webtiles) character file.

726 dvd the Slinger (level 8, -2/52 HPs)
             Began as a Halfling Hunter on Oct 14, 2016.
             Was a Follower of Okawaru.
             Killed from afar by a steam dragon (13 damage)
             ... with a ball of steam
             ... on level 5 of the Dungeon.
             The game lasted 00:13:36 (3959 turns).

dvd the Slinger (Halfling Hunter)                   Turns: 3959, Time: 00:13:38

Health: -2/52      AC: 19    Str: 15    XL:     8   Next: 2%
Magic:  6/8        EV: 13    Int:  9    God:    Okawaru [*.....]
Gold:   152        SH:  0    Dex: 15    Spells: 0 memorised, 7 levels left

rFire  . . .     SeeInvis .     i - +2 mace (protect)
rCold  . . .     Gourm    .     u - +0 chain mail
rNeg   . . .     Faith    .     (shield restricted)
rPois  +         Spirit   .     j - +0 helmet
rElec  .         Dismiss  .     (no cloak)
rCorr  .         Reflect  .     (no gloves)
MR     .....     Harm     .     (no boots)
Stlth  ..........               (no amulet)
                                G - ring of loudness (curse)
                                s - ring of poison resistance

@: heroism, protection aura
A: mutation resistance 1
a: Heroism, Renounce Religion


You were on level 5 of the Dungeon.
You worshipped Okawaru.
Okawaru was aware of your devotion.
You were not hungry.

You visited 1 branch of the dungeon, and saw 5 of its levels.

You collected 152 gold pieces.

Inventory:

Hand Weapons
 a - a +2 hunting sling
 b - a +0 short sword
 i - a +2 mace of protection (weapon)
 y - a +0 whip of venom
Missiles
 d - 7 sling bullets
 o - 104 stones (quivered)
Armour
 j - a +0 helmet (worn)
 u - a +0 chain mail (worn)
 C - a +2 robe of magic resistance
Jewellery
 n - a +4 ring of evasion
 s - a ring of poison resistance (left hand)
 A - a +2 ring of dexterity
 G - a cursed ring of loudness (right hand)
 H - an uncursed ring of ice
Scrolls
 c - a scroll of fog {unknown}
 g - a scroll of fear {unknown}
 l - 4 scrolls of teleportation
 m - 5 scrolls of identify
 p - a scroll of recharging
Potions
 e - 2 potions of degeneration {unknown}
 h - a potion of beneficial mutation {unknown}
 k - 5 potions of heal wounds {unknown}
 r - a potion of might {unknown}
 t - 2 potions of curing {unknown}
 x - 4 potions of haste {unknown}
 E - a potion of mutation
Books
 B - a book of Changes

   Spells                             Type                      Level
   a - Beastly Appendage              Transmutation                1
   b - Sticks to Snakes               Transmutation                2
   c - Spider Form                    Transmutation/Poison         3
   d - Ice Form                       Ice/Transmutation            4
   e - Blade Hands                    Transmutation                5
Comestibles
 f - 3 bread rations
 q - 2 meat rations
 z - a beef jerky
 D - 3 chunks of flesh


   Skills:
 + Level 3.4(8.4) Fighting
 + Level 2.4(7.4) Short Blades
 + Level 10.2(15.2) Slings
 + Level 1.1(9.5) Throwing
 + Level 2.9(7.9) Armour
 + Level 3.1(8.1) Dodging
 + Level 1.5(6.5) Stealth


You had 7 spell levels left.
You didn't know any spells.

Dungeon Overview and Level Annotations

Branches:
Dungeon (5/15)             Temple (0/1) D:5

Altars:
Dithmenos
Hepliaklqana
Kikubaaqudgha
Okawaru
Trog

Shops:
D:4 *

Annotations:
D:4 removeelyvilon's ghost, novice OpMo


Innate Abilities, Weirdness & Mutations

You are small and have problems with some larger weapons.
You are somewhat resistant to further mutation.


Message History

Your weapon exudes an aura of protection.
The steam dragon is moderately wounded.
The steam dragon barely misses you.
The steam dragon claws you but does no damage.
You sock the steam dragon!
The steam dragon is heavily wounded.
The steam dragon bites you but does no damage.
The steam dragon claws you but does no damage.
You hit the steam dragon but do no damage.
The steam dragon is heavily wounded.
The steam dragon bites you but does no damage.
The steam dragon claws you.
Your chain mail prevents you from hitting the steam dragon.
The steam dragon is heavily wounded.
The steam dragon bites you.
* * * LOW HITPOINT WARNING * * *
The steam dragon closely misses you. The steam dragon breathes steam at you.
The ball of steam hits you!
You die...

....#......#....# #.#
....###.##.#.#### #.#
....# #.##.#.##########.#
....###.##.#.#........#.#
.....##.##.#(#.#...##.#.#
##...##รท##.#.(_....##.#.#
,#....#.##.#.#.#...##.#.#
*#..#.#.##.###.D...##.#.#
##..#...##.# ##.@..##.#.#
...........####....##.#.#
......).####.......##.#.#
......)># #.......##.#.#
........#
#.......##.#.####
........#
#....#'###.#....#
##......# #....#.#
#.####.# #......# ####.#.#
#.# #.# #......# #####<#.#
#.# #.#


You could see a steam dragon.

Vanquished Creatures
  The ghost of removeelyvilon the Ruffian, an amateur NaTm (D:3)
  An ogre (D:5)
  2 centaurs (D:5)
  A crimson imp (D:5)
  2 orc wizards (D:4)
  An iguana (D:5)
  A worker ant (D:5)
  7 adders
  4 gnolls (D:5)
  2 oozes
  An adder skeleton (D:4)
  A worm (D:4)
  A dart slug (D:2)
  2 leopard geckos
  13 orcs
  5 giant cockroaches
  8 goblins
  3 hobgoblins
  7 jackals
  7 kobolds
  A quokka (D:2)
  2 ball pythons
  3 bats
  7 frilled lizards
  A giant cockroach zombie (D:5)
  A jackal skeleton (D:5)
  7 rats
92 creatures vanquished.

Vanquished Creatures (others)
  A human (D:4)
1 creature vanquished.

Grand Total: 93 creatures vanquished

Notes
Turn   | Place    | Note
-------+----------+-------------------------------------------
     0 | D:1      | dvd the Halfling Hunter began the quest for the Orb.
     0 | D:1      | Reached XP level 1. HP: 14/14 MP: 1/1
    53 | D:1      | Reached skill level 6 in Slings
    53 | D:1      | Reached XP level 2. HP: 19/19 MP: 2/2
   351 | D:1      | Reached XP level 3. HP: 16/24 MP: 3/3
   472 | D:2      | Reached skill level 7 in Slings
   897 | D:2      | Reached XP level 4. HP: 29/29 MP: 4/4
   924 | D:2      | Found a hazy altar of Hepliaklqana.
  1808 | D:3      | Found a faded altar of an unknown god.
  1809 | D:3      | Noticed removeelyvilon's ghost (amateur NaTm)
  1939 | D:2      | Reached skill level 1 in Short Blades
  1939 | D:2      | Reached XP level 5. HP: 8/34 MP: 5/5
  2238 | D:3      | Killed removeelyvilon's ghost
  2238 | D:3      | Reached skill level 8 in Slings
  2238 | D:3      | Reached skill level 1 in Armour
  2238 | D:3      | Reached XP level 6. HP: 41/41 MP: 6/6
  2379 | D:3      | Found a bloodstained altar of Trog.
  2597 | D:4      | Noticed removeelyvilon's ghost (novice OpMo)
  2972 | D:4      | Reached skill level 1 in Throwing
  3040 | D:4      | Found an ancient bone altar of Kikubaaqudgha.
  3042 | D:4      | Noticed a human
  3049 | D:4      | Killed a human
  3266 | D:4      | Found an iron altar of Okawaru.
  3291 | D:4      | Became a worshipper of Warmaster Okawaru
  3308 | D:4      | Found Luch's Assorted Antiques.
  3381 | D:5      | Entered Level 5 of the Dungeon
  3399 | D:5      | Found a shadowy altar of Dithmenos.
  3526 | D:5      | Reached XP level 7. HP: 45/45 MP: 7/7
  3531 | D:5      | Reached skill level 9 in Slings
  3911 | D:5      | Reached * piety under Okawaru
  3911 | D:5      | Reached skill level 10 in Slings
  3911 | D:5      | Reached XP level 8. HP: 47/52 MP: 8/8
  3913 | D:5      | Found a staircase to the Ecumenical Temple.
  3959 | D:5      | Killed from afar by a steam dragon

Vault maps used:
D:1:      eino_arrival_cavern_e, minmay_misc_feat_alley
D:2:      nicolae_overflow_crystal_walls
D:3:      ecumenical_altar_2, minmay_misc_feat_tiny, trog_three_pillars_becter
D:4:      lemuel_doored_altar, serial_shops, kennysheep_mini, first_bread,
          tgw_kikubaaqudgha
D:5:      lemuel_crystal_altar, nicolae_zen_rock_garden

Skill      XL: |  1  2  3  4  5  6  7 |
---------------+----------------------+-----
Slings         | 6 7 8 10 | 10.2
Fighting       | 2 3 |  3.4
Short Blades   | 1 2 |  2.4
Armour         | 1 2 |  2.9
Dodging        | 3 |  3.1
Throwing       | 1 |  1.1
Stealth        | |  1.5

Action                   |  1- 3 |  4- 6 |  7- 9 || total
-------------------------+-------+-------+-------++-------
Melee: Short sword       |    25 |   134 |    13 ||   172
       Mace              |       |       |     4 ||     4
 Fire: Hunting sling     |    45 |   139 |    57 ||   241
Throw: Stone             |       |    16 |       ||    16
Invok: Heroism           |       |       |     1 ||     1
  Use: Scroll            |       |       |     6 ||     6
 Stab: Sleeping          |     1 |       |       ||     1
  Eat: Chunk             |       |     4 |       ||     4
       Meat ration       |       |     1 |       ||     1
Armor: Leather armour    |     6 |       |       ||     6
       Chain mail        |       |    58 |    19 ||    77
       Ring mail         |       |    13 |       ||    13
Dodge: Dodged            |    19 |   137 |    22 ||   178
